 Dungeon Crawl Stone Soup version 0.29-a0-266-gf56f883ddd (webtiles) character file.

Game seed: 7731003969897405898

324 BlueGoblin the Conjurer (level 6, -8/32 HPs)
             Began as a Deep Elf Conjurer on Mar 6, 2022.
             Mangled by a two-headed ogre
             ... wielding a +0 giant club
              (9 damage)
             ... on level 4 of the Dungeon.
             The game lasted 00:07:25 (3951 turns).

BlueGoblin the Conjurer (Deep Elf Conjurer)         Turns: 3951, Time: 00:07:25

Health: -8/32      AC:  5    Str:  4    XL:     6   Next: 23%
Magic:  0/16       EV: 11    Int: 25    God:
Gold:   201        SH:  0    Dex: 13    Spells: 13/16 levels left

rFire   . . .      SeeInvis .   o - +4 whip
rCold   . . .      Faith    .   (no shield)
rNeg    . . .      Spirit   +   n - +2 leather armour {rPois}
rPois   +          Reflect  .   (no helmet)
rElec   .          Harm     .   (no cloak)
rCorr   .          Rampage  .   (no gloves)
Will    .....                   (no boots)
Stlth   ++........              c - amulet of guardian spirit
HPRegen 0.10/turn               (no ring)
MPRegen 0.15/turn               (no ring)

@: no status effects
A: no striking features
a: no special abilities


You were on level 4 of the Dungeon.
You visited 1 branch of the dungeon, and saw 4 of its levels.

You collected 201 gold pieces.

Inventory:

Hand Weapons
 i - a +2 short sword of holy wrath
 o - a +4 whip (weapon)
Armour
 a - a +0 robe
 n - a +2 leather armour of poison resistance (worn)
Jewellery
 c - an amulet of guardian spirit (around neck)
Scrolls
 d - 2 scrolls of summoning {unknown}
 e - a scroll of blinking {unknown}
 g - 4 scrolls of identify
 k - 2 scrolls of noise
 q - 3 scrolls of teleportation
Potions
 b - a potion of magic
 f - a potion of cancellation {unknown}
 h - a potion of attraction
 j - 2 potions of curing {unknown}
 l - 3 potions of lignification {unknown}
 m - a potion of haste {unknown}
 p - a potion of berserk rage {unknown}
 r - 2 potions of flight {unknown}


   Skills:
 + Level 0.6 Armour
 + Level 2.8 Dodging
 - Level 2.4 Stealth
 + Level 5.6 Spellcasting
 + Level 6.9 Conjurations


You had 13 spell levels left.
You knew the following spells:

 Your Spells              Type           Power      Damage    Failure   Level
a - Searing Ray           Conj           82%        2d7       1%          2
q - Magic Dart            Conj           100%       1d8       1%          1

Your spell library contained the following spells:

 Spells                   Type           Power      Damage    Failure   Level
 Dazzling Flash           Conj/Hex       48%        N/A       10%         3
 Fulminant Prism          Conj/Hex       12%        3d9       32%         4
 Iskenderun's Mystic Bla  Conj/Tloc      24%        2d7       32%         4


Dungeon Overview and Level Annotations

Branches:
Dungeon (4/15)
 Temple: D:4-7

Altars:

Shops:
D:4 (![!


Message History

Casting: Magic Dart (safe; 1% risk of failure)
Confirm with . or Enter, or press ? or * to list all spells.
Aiming: Magic Dart (safe; 1% risk of failure)
Press: ? - help, Shift-Dir - straight line, f/p - two-headed ogre
Aim: a two-headed ogre, wielding a +0 giant club and a +0 giant spiked club (lightly wounded, 100% to hit)
The magic dart hits the two-headed ogre.
The two-headed ogre is lightly wounded.
Casting: Magic Dart (safe; 1% risk of failure)
Confirm with . or Enter, or press ? or * to list all spells.
Aiming: Searing Ray (safe; 1% risk of failure)
Press: ? - help, Shift-Dir - straight line, f/p - two-headed ogre
Aim: a two-headed ogre, wielding a +0 giant club and a +0 giant spiked club (lightly wounded, 91% to hit)
The searing ray hits the two-headed ogre!
The two-headed ogre is moderately wounded. (Press . to maintain the ray.)
The searing ray hits the two-headed ogre.
The two-headed ogre is moderately wounded.
The searing ray hits the two-headed ogre.
The two-headed ogre is moderately wounded.
The searing ray hits the two-headed ogre!
The two-headed ogre is heavily wounded.
You finish channelling your searing ray.
The two-headed ogre barely misses you.
The two-headed ogre hits you with a +0 giant spiked club!!
Ouch! That really hurt!
* * * LOW HITPOINT WARNING * * *
A necrophage comes into view.
The necrophage completely misses you.
The necrophage attacks as you move away!
The necrophage hits you. The necrophage closely misses you.
The necrophage hits you.
* * * LOW HITPOINT WARNING * * *
The necrophage attacks as you move away!
The necrophage barely misses you.
The two-headed ogre attacks as you move away!
The two-headed ogre hits you with a +0 giant club!
* * * LOW HITPOINT WARNING * * *
The two-headed ogre hits you with a +0 giant spiked club!
You die...

.......#...#..## ##).⌠.....##∩###
.......#####...###..∩.#######'#
...................⌠.⌠### #..#
..............##.....)..####.##
......>......##########.......###
............## ##.## ###..##....
.....)......# ##...# #.#######
........<...####....## ###
.............##.@O...#
.........#.......n...##
........#.#######.....#
#......##.#.....#.....##
##.....#..#.∩.>.#......#
###......#.....#......##
##..)#.#######.......#
#....#..............#
##...####...........#


You could see a two-headed ogre and a necrophage.

Vanquished Creatures
  2 scorpions (D:4)
  An orc priest (D:4)
  An iguana (D:4)
  An orc wizard (D:3)
  5 adders
  An ufetubus (D:4)
  2 dart slugs
  7 orcs
  8 ball pythons
  6 bats
  9 endoplasms
  A giant cockroach (D:2)
  6 goblins
  5 hobgoblins
  2 jackals (D:2)
  3 frilled lizards
  9 kobolds
  2 rats (D:1)
71 creatures vanquished.

Notes
Turn   | Place    | Note
-------+----------+-------------------------------------------
     0 | D:1      | BlueGoblin the Deep Elf Conjurer began the quest for the
                  | Orb.
     0 | D:1      | Reached XP level 1. HP: 10/10 MP: 6/6
   132 | D:1      | Reached XP level 2. HP: 15/15 MP: 6/8
   228 | D:1      | Reached skill level 5 in Conjurations
   487 | D:1      | Learned a level 2 spell: Searing Ray
   755 | D:2      | Reached XP level 3. HP: 19/19 MP: 5/9
  1425 | D:2      | Reached XP level 4. HP: 24/24 MP: 9/11
  1536 | D:3      | Reached skill level 6 in Conjurations
  2481 | D:4      | Reached XP level 5. HP: 28/28 MP: 4/13
  2712 | D:4      | Found Idizuacs's Antique Armour Boutique.
  2757 | D:4      | Found Dofuizib's Distillery.
  2850 | D:4      | Reached skill level 5 in Spellcasting
  3278 | D:4      | Found Ypikhowi's Distillery.
  3329 | D:4      | Found Xutam's Weapon Boutique.
  3403 | D:4      | Reached XP level 6. HP: 32/32 MP: 12/16
  3921 | D:4      | Noticed a two-headed ogre
  3951 | D:4      | HP: 1/32 [two-headed ogre/+0 giant club (7)]
  3951 | D:4      | Mangled by a two-headed ogre

Illustrated notes

Levels and vault maps discovered:
D:1:      nzn_arrival_crosshair, layout_rooms
D:2:      layout_basic
D:3:      layout_basic
D:4:      layout_cave_pods, serial_shops, shop_fountains,
          nicolae_take_the_stairs, kennysheep_mini, shop,
          nicolae_shop_bloodbath_and_beyond, serial_column_ruins,
          column_ruins_hut_pillars, column_ruins_hut, column_ruins_open_tiny,
          column_ruins_grid_1, column_ruins_open_small, column_ruins_grid_3

Skill      XL: |  1  2  3  4  5 |
---------------+----------------+-----
Conjurations   | 5 6 |  6.9
Spellcasting   | 4 5 |  5.6
Armour         | |  0.6
Dodging        | |  2.8
Stealth        | |  2.4

Action                   |  1- 3 |  4- 6 || total
-------------------------+-------+-------++-------
Melee: Short sword       |     4 |       ||     4
       Whip              |       |     5 ||     5
 Cast: Magic Dart        |    68 |    71 ||   139
       Searing Ray       |     2 |     4 ||     6
  Use: Scroll            |     5 |       ||     5
Armor: Leather armour    |     1 |     6 ||     7
Dodge: Dodged            |     8 |    13 ||    21

Table legend: (Time is in decaauts)
 A = Elapsed time spent in this place.
 B = Non-inter-level travel time spent in this place.
 C = Inter-level travel time spent in this place.
 D = Time resting spent in this place.
 E = Time spent auto-exploring this place.
 F = Levels seen in this place.
 G = Mean time per level.
                   A        B        C        D        E       F      G
               +--------+--------+--------+--------+--------+-----+--------+
         Total |   3950 |   3857 |     93 |    748 |   2674 |   4 |  987.5 |
       Dungeon |   3950 |   3857 |     93 |    748 |   2674 |   4 |  987.5 |
               +--------+--------+--------+--------+--------+-----+--------+

Top non-repeatable levels by time:
     D:4: 1478 daAuts
     D:3: 966 daAuts
     D:2: 754 daAuts
     D:1: 750 daAuts
